 Dungeon Crawl Stone Soup version 0.31-a0-233-g139696dc86 (webtiles) character file.

Game seed: 694479108126579907

22437 olmar the Basher (level 12, -5/166 HPs)
             Began as an Armataur Fighter on July 8, 2023.
             Was an Initiate of Gozag.
             Shot with a bolt by an orc warlord (12 damage)
             ... on level 1 of the Orcish Mines.
             The game lasted 00:21:06 (12373 turns).

olmar the Basher (Armataur Fighter)                Turns: 12373, Time: 00:21:08

Health: -5/166     AC: 25    Str: 28    XL:     12   Next: 63%
Magic:  3/3        EV:  5    Int:  9    God:    Gozag
Gold:   2243       SH: 12    Dex: 10    Spells: 11/11 levels left

rFire   . . .        V - +1 flail (protect)
rCold   + + +        Q - +1 kite shield {AC+3}
rNeg    + . .        a - +1 plate armour {rC+}
rPois   +            E - +0 helmet
rElec   +            C - scarf {shadows}
rCorr   +            (no gloves)
SInv    .            (no barding)
Will    .....        n - amulet of regeneration Stlth
                     B - ring "Duddul" {rElec rPois rN+ MP-9 Str+2}
HPRegen 1.27/turn    L - ring of ice
MPRegen 0.08/turn

%: roll
@: berserking, resistant, under a protective aura, invisible, very quick
A: large, rugged brown scales 3, deformed body, armoured tail, roll, long
tongue, awkward tongue
a: Renounce Religion, Potion Petition, Call Merchant, Bribe Branch


You were on level 1 of the Orcish Mines.
You worshipped Gozag.
Gozag was most pleased with you.
You visited 3 branches of the dungeon, and saw 13 of its levels.
You also visited: Ossuary, Bailey and Ice Cave.

You collected 3782 gold pieces.
You spent 642 gold pieces at shops.
You paid 897 gold pieces to Gozag.

Inventory:

Hand Weapons
 R - a +3 morningstar
 S - a +2 whip of electrocution
 V - a +1 flail of protection (weapon)
Missiles
 u - 4 javelins
 F - 18 boomerangs
 G - 27 poisoned darts
 H - 4 atropa-tipped darts
Armour
 a - a +1 plate armour of cold resistance (worn)
 C - a scarf of shadows (worn)
 E - a +0 helmet (worn)
 Q - a +1 kite shield of protection (worn)
Jewellery
 b - a +5 ring of evasion
 f - a ring of protection from fire
 n - an amulet of regeneration (around neck)
 r - the ring of Mibibo {rC- rN+ Str+3 Slay+2 SInv}
   (You found it on level 3 of the Dungeon)

   [ring of positive energy]

   Str:       It affects your strength (+3).
   Slay:      It affects your accuracy & damage with ranged weapons and melee
   (+2).
   rC:        It makes you vulnerable to cold.
   rN:        It protects you from negative energy.
   SInv:      It lets you see invisible.
 B - the ring "Duddul" (left hand) {rElec rPois rN+ MP-9 Str+2}
   (You bought it in a shop on level 5 of the Dungeon)

   [ring of poison resistance]

   Str:       It affects your strength (+2).
   rElec:     It insulates you from electricity.
   rPois:     It protects you from poison.
   rN:        It protects you from negative energy.
   MP:        It affects your magic capacity (-9).
 J - a ring of flight
 L - a ring of ice (right hand)
 W - an amulet of reflection
 Z - a ring of resist corrosion
Wands
 N - a wand of flame (33)
 P - a wand of mindburst (7)
 T - a wand of digging (7)
 Y - a wand of roots (2) (quivered)
Scrolls
 d - a scroll of enchant armour
 e - 3 scrolls of enchant weapon
 g - 2 scrolls of immolation
 l - 2 scrolls of poison
 o - a scroll of torment
 p - 3 scrolls of vulnerability
 s - 2 scrolls of blinking
 v - 3 scrolls of fog
 A - 3 scrolls of teleportation
 I - 4 scrolls of fear
 K - a scroll of revelation
 X - a scroll of amnesia
Potions
 i - 3 potions of haste
 j - a potion of cancellation
 k - 2 potions of lignification
 q - 2 potions of curing
 t - 5 potions of brilliance
 w - 2 potions of invisibility
 x - a potion of resistance
 z - 2 potions of degeneration
 D - a potion of attraction
Miscellaneous
 c - a tin of tremorstones (2/2)


   Skills:
 + Level 9.3 Fighting
 + Level 13.1 Maces & Flails
 + Level 11.6 Armour
 - Level 0.2 Stealth
 + Level 10.7 Shields


You had 11 spell levels left.
You didn't know any spells.
Your spell library contained the following spells:

 Spells                   Type           Power      Damage    Failure   Level
 Ensorcelled Hibernation  Hex/Ice        0%         N/A       100%        2
 Passwall                 Tmut/Erth      0%         N/A       100%        2
 Sublimation of Blood     Necr           0%         N/A       100%        2
 Wereblood                Tmut           0%         N/A       100%        2
 Frozen Ramparts          Ice            0%         1d1       100%        3
 Hailstorm                Conj/Ice       0%         3d3       100%        3
 Ignite Poison            Fire/Tmut/Pois 0%         N/A       100%        3
 Swiftness                Air            0%         N/A       100%        3
 Ice Form                 Ice/Tmut       0%         N/A       100%        4
 Sticky Flame             Conj/Fire      0%         2d3       100%        4
 Summon Ice Beast         Ice/Summ       0%         N/A       100%        4
 Conjure Ball Lightning   Conj/Air       0%         3x3d6     100%        6
 Summon Hydra             Summ           0%         N/A       100%        7
 Discord                  Hex            0%         N/A       100%        8
 Disjunction              Tloc           0%         N/A       100%        8
 Ignition                 Fire           0%         3d3       100%        8
 Simulacrum               Ice/Necr       Unusable   N/A       N/A         6

Dungeon Overview and Level Annotations

Branches:
Dungeon (11/15)            Temple (1/1) D:6             Orc (1/2) D:10
Ossuary (visited)          Bailey (visited)           IceCv (visited)
   Lair: D:8-11

Altars:
Ashenzari
Dithmenos
Elyvilon
Fedhas
Gozag
Hepliaklqana
Kikubaaqudgha
Makhleb
Nemelex Xobeh
Okawaru
Qazlal
Ru
Sif Muna
Vehumet
Wu Jian
Xom
Yredelemnul
Zin
The Shining One

Shops:
D:5 =   D:6 *   D:9 [

Annotations:
D:6 1 runed translucent door, Crazy Yiuf
D:11 Gastronok


Innate Abilities, Weirdness & Mutations

You are completely covered in rugged brown scales. (AC +3, +7% HP)
Armour fits poorly on your strangely shaped body.
You have a long armoured tail.
You roll when moving toward enemies. (Rampage)
Your long tongue fully drains potion bottles. (2x potion effects)
Your tongue gives you trouble enunciating. (1.5x scroll delay)


Message History

You hit the orc warlord.
The orc warlord is heavily wounded.
Unknown command.
You sock the orc warlord!
The orc warlord is severely wounded.
You block the orc warlord's attack.
You hit the orc warlord but do no damage.
The orc warlord is severely wounded.
Unknown command.
You catch the helpless orc warlord completely off-guard!
You hit the orc warlord but do no damage.
The orc warlord is severely wounded.
The orc warlord is no longer moving slowly.
Unknown command.
You closely miss the orc warlord.
Your tail-slap misses the orc warlord.
The orc warlord is severely wounded.
The orc warlord hits you with a +3 battleaxe of flaming!!
* * * LOW HITPOINT WARNING * * *
The orc warlord burns you!
* * * LOW HITPOINT WARNING * * *
Unknown command.
You barely miss the orc warlord.
The orc warlord is severely wounded.
Unknown command.
Unknown command.
You catch the helpless orc warlord completely off-guard!
You thump the orc warlord!
The orc warlord is severely wounded.
You block the orc warlord's attack.
Unknown command.
You hit the orc warlord.
Your tail-slap misses the orc warlord.
The orc warlord is severely wounded.
Unknown command.
You feel a strong urge to attack something.
The orc warlord unwields a +3 battleaxe of flaming.
It stops flaming.
The orc warlord wields a +2 arbalest of flaming.
It bursts into flame!
The orc warlord shoots a bolt.
The bolt hits you!
You die...
Your body crumbles into a pile of gold.

.....# ##.#....^.....#.#...))#
.#..## #................#...##
..##### ###................#...#
.####.####...................#...
###....##........................
......###..............>.........
....####...........#.............
....####.........................
...#.##.........@................
......)#)###.....#..............#
#........$.(.(o..................
#################................
#.###............ .o ###
##....#.#.... .. ...........## ##
.##........... ...........##


You could see an orc warlord (unable to see you, poisoned).

Vanquished Creatures
  A frost giant (IceCv)
  Erolcha (D:11)
  Erica (D:11)
  A centaur warrior (D:10)
  2 two-headed ogres
  4 death yaks (IceCv)
  Sonja (D:10)
  An orc knight (Orc:1)
  A guardian serpent (D:11)
  An ice statue (IceCv)
  Psyche (D:10)
  A kobold demonologist (D:10)
  An unseen horror (D:10)
  2 ice devils (Orc:1)
  7 polar bears (IceCv)
  A hornet (D:8)
  3 trolls
  16 yaks (IceCv)
  3 wyverns
  3 vampire mosquitoes
  4 steam dragons (D:6)
  2 wargs (Orc:1)
  2 acid dragons
  A water moccasin (D:8)
  17 orc warriors
  2 sky beasts
  2 black bears (D:5)
  An ice beast (D:8)
  7 ogres
  15 wolves (IceCv)
  3 centaurs
  A phantom (D:5)
  8 kobold brigands
  2 bullfrogs (D:7)
  A scorpion (D:7)
  4 wights (D:9)
  4 killer bees (D:10)
  2 howler monkeys
  An electric eel (D:6)
  2 hounds
  A jelly (D:5)
  12 orc priests
  3 sleepcaps
  13 orc wizards
  5 iguanas
  9 mummies
  7 gnolls
  12 adders
  2 white imps (D:7)
  3 worms
  63 orcs
  9 endoplasms
  2 giant cockroaches (D:1)
  A gnoll zombie (Ossuary)
  8 goblins
  7 hobgoblins
  22 kobolds
  3 quokkas
  5 ball pythons
  3 bats
  2 frilled lizards
  2 hobgoblin zombies (Ossuary)
  5 orc zombies (Ossuary)
  4 rats
336 creatures vanquished.

Vanquished Creatures (others)
  A death yak (IceCv)
  A polar bear (IceCv)
  2 wolves (IceCv)
4 creatures vanquished.

Grand Total: 340 creatures vanquished

Notes
Turn   | Place    | Note
-------+----------+-------------------------------------------
     0 | D:1      | olmar the Armataur Fighter began the quest for the Orb.
     0 | D:1      | Reached XP level 1. HP: 19/19 MP: 1/1
   256 | D:1      | Reached XP level 2. HP: 26/26 MP: 2/2
   695 | D:2      | Reached skill level 2 in Maces & Flails
   710 | D:2      | Reached XP level 3. HP: 17/33 MP: 3/3
   941 | D:2      | You fall into a shaft and drop 2 floors!
  1156 | D:4      | Identified the +3 scale mail of the Vacuum {Int+3}
  1339 | D:3      | Reached XP level 4. HP: 22/40 MP: 4/4
  1607 | D:3      | Identified the ring of Mibibo {rC- rN+ Str+3 Slay+2 SInv}
  1803 | D:3      | Reached skill level 3 in Maces & Flails
  1853 | D:3      | Reached XP level 5. HP: 48/48 MP: 5/5
  2188 | D:4      | Noticed an ogre
  2192 | D:4      | Killed an ogre
  2193 | D:4      | Reached skill level 5 in Armour
  2609 | D:5      | Entered Level 5 of the Dungeon
  2637 | D:5      | Found Zosmiviz's Jewellery Emporium.
  2647 | D:5      | Reached XP level 6. HP: 49/54 MP: 6/6
  2705 | D:5      | Reached skill level 4 in Maces & Flails
  2828 | D:5      | Reached XP level 7. HP: 56/62 MP: 7/7
  2911 | D:5      | Reached skill level 5 in Maces & Flails
  3476 | D:6      | Found a stormy altar of Qazlal.
  3504 | D:6      | Reached skill level 6 in Maces & Flails
  3504 | D:6      | Reached XP level 8. HP: 49/70 MP: 8/8
  3564 | D:6      | Reached skill level 5 in Shields
  3601 | D:6      | Found a runed translucent door.
  3602 | D:6      | Noticed Crazy Yiuf
  3629 | D:6      | Found a sand-covered staircase.
  3636 | Ossuary  | Entered an ossuary
  3673 | Ossuary  | Reached skill level 7 in Maces & Flails
  3989 | D:6      | Found a staircase to the Ecumenical Temple.
  4014 | Temple   | Entered the Ecumenical Temple
  4037 | Temple   | Became a worshipper of Gozag Ym Sagoz the Greedy
  4126 | D:5      | Bought the ring "Duddul" {rElec rPois rN+ MP-9 Str+2} for
                  | 258 gold pieces
  4287 | D:6      | Found Vopueci's Neck Hole.
  4297 | D:6      | Bought a scarf of shadows for 120 gold pieces
  4485 | D:6      | Reached skill level 5 in Fighting
  4813 | D:6      | Reached XP level 9. HP: 49/79 MP: 0/9
  5262 | D:7      | Found a flagged portal.
  5297 | D:7      | Reached skill level 8 in Maces & Flails
  5348 | Bailey   | Entered a bailey
  5556 | Bailey   | Reached skill level 9 in Maces & Flails
  5703 | Bailey   | Found a bloodstained altar of Trog.
  6460 | D:8      | Reached XP level 10. HP: 81/88 MP: 1/10
  7504 | D:9      | Found Useiw's Armour Boutique.
  7508 | D:9      | Bought a +1 kite shield of protection for 264 gold pieces
  7534 | D:9      | Reached skill level 10 in Maces & Flails
  7625 | D:9      | Found a glowing silver altar of Zin.
  7629 | D:9      | Found a sacrificial altar of Ru.
  7632 | D:9      | Found a blossoming altar of Fedhas.
  7634 | D:9      | Found a basalt altar of Yredelemnul.
  7636 | D:9      | Found an iron altar of Okawaru.
  7637 | D:9      | Found a sparkling altar of Nemelex Xobeh.
  7638 | D:9      | Found a broken altar of Ashenzari.
  7639 | D:9      | Found a white marble altar of Elyvilon.
  7640 | D:9      | Found a shadowy altar of Dithmenos.
  8251 | D:10     | Entered Level 10 of the Dungeon
  8264 | D:10     | Noticed Psyche
  8279 | D:10     | Killed Psyche
  8305 | D:10     | Noticed a centaur warrior
  8317 | D:10     | Killed a centaur warrior
  8441 | D:10     | Noticed a two-headed ogre
  8445 | D:10     | Found an ornate altar of the Wu Jian Council.
  8445 | D:10     | Found an ancient bone altar of Kikubaaqudgha.
  8459 | D:10     | Killed a two-headed ogre
  8567 | D:10     | Noticed Sonja
  8573 | D:10     | Killed Sonja
  8574 | D:10     | Reached skill level 10 in Armour
  8574 | D:10     | Reached XP level 11. HP: 58/98 MP: 2/11
  8770 | D:10     | Found a staircase to the Orcish Mines.
  9335 | D:11     | Noticed Gastronok
  9351 | D:10     | Reached skill level 11 in Maces & Flails
  9551 | D:11     | Noticed Erica
  9559 | D:11     | Killed Erica
  9634 | D:11     | Noticed a two-headed ogre
  9645 | D:11     | Killed a two-headed ogre
  9758 | D:11     | Noticed Erolcha
  9777 | D:11     | Killed Erolcha
  9870 | Orc:1    | Entered Level 1 of the Orcish Mines
 10041 | Orc:1    | Found a frozen archway.
 10074 | IceCv    | Entered an ice cave
 10284 | IceCv    | Reached skill level 12 in Maces & Flails
 10788 | IceCv    | Reached XP level 12. HP: 87/110 MP: 3/12
 10925 | IceCv    | Noticed a death yak
 10925 | IceCv    | Noticed a death yak
 10941 | IceCv    | Killed a death yak
 10951 | IceCv    | Killed a death yak
 10952 | IceCv    | Reached skill level 10 in Shields
 11088 | IceCv    | Noticed a death yak
 11123 | IceCv    | Noticed a death yak
 11126 | IceCv    | Killed a death yak
 11132 | IceCv    | Noticed a death yak
 11135 | IceCv    | Killed a death yak
 11136 | IceCv    | Noticed a frost giant
 11142 | IceCv    | Killed a death yak
 11162 | IceCv    | Killed a frost giant
 12122 | Orc:1    | Reached skill level 13 in Maces & Flails
 12317 | Orc:1    | Noticed an orc warlord
 12368 | Orc:1    | HP: 4/166 [orc warlord/+3 battleaxe of flaming (10)]
 12373 | Orc:1    | Shot with a bolt by an orc warlord

Illustrated notes

Levels and vault maps discovered:
D:1:      shiori_arrival_elements, layout_basic
D:2:      layout_loops_corners, basic_altar,
          hellmonk_ecumenical_altar_leap_of_faith, minmay_tetromino_t4
D:3:      layout_basic, nicolae_half_adder
D:4:      layout_loops_ring
D:5:      layout_loops_ring, serial_shops, shop_fountains
D:6:      cheibrodos_steamvent, layout_basic, nicolae_qazlal_scattered_showers,
          minmay_temple_entry_tees, gup_ossuary_entry_pyramid,
          hangedman_abyss_or_decor_lesser_grid, kennysheep_diamond,
          hangedman_decor_points, moated_statue, chequers_serial_rivers_large_b,
          nicolae_shop_sticking_my_neck_out, uniq_crazy_yiuf_cottage
D:7:      layout_basic, enter_bailey_5
D:8:      layout_layer_cave
D:9:      layout_irregular_city, minitemple, serial_shops,
          nicolae_shop_hallway_stairs, serial_column_ruins,
          column_ruins_open_medium, column_ruins_columns_corner,
          column_ruins_open_tiny, column_ruins_columns_straight,
          column_ruins_open_tiny, column_ruins_grid_1
D:10:     layout_basic, jmf_multi_god_temple, david_orc_4, uniq_psyche,
          uniq_sonja
D:11:     nrook_guardian_serpent_snake_passage, layout_basic,
          david_lair_generic, nicolae_trove_entry_crystal, uniq_erica,
          uniq_erolcha, uniq_gastronok
Temple:   nicolae_temple_bog_church
Orc:1:    layout_caves, portal_ice_cave_demonic_guard, basic_altar,
          minmay_orc_barracks, uniq_urug

Skill      XL: |  1  2  3  4  5  6  7  8  9 10 11 12 |
---------------+-------------------------------------+-----
Armour         | 4 5 6 8 10 11 | 11.6
Fighting       | 3 4 5 6 7 8 9 |  9.3
Maces & Flails | 2 3 4 6 7 9 10 12 13 | 13.1
Shields        | 4 5 6 8 9 10 | 10.7
Stealth        | |  0.2

Action                     |  1- 3 |  4- 6 |  7- 9 | 10-12 || total
---------------------------+-------+-------+-------+-------++-------
  Melee: Flail             |   132 |    89 |   359 |   814 ||  1394
         Tailslap          |    10 |    14 |    46 |   122 ||   192
  Throw: Javelin           |       |       |     3 |     2 ||     5
         Dart              |       |       |     2 |    30 ||    32
         Boomerang         |       |       |       |     2 ||     2
 Invoke: Potion Petition   |       |       |       |     2 ||     2
  Evoke: Wand              |       |       |       |    12 ||    12
    Use: Potion            |     2 |     1 |     2 |     8 ||    13
         Scroll            |       |     4 |    10 |     7 ||    21
   Stab: Distracted        |       |       |     1 |     4 ||     5
         Invisible         |       |       |       |     3 ||     3
 Armour: Scale mail        |    85 |    38 |   142 |   351 ||   616
         Skin              |       |       |    27 |       ||    27
         Plate armour      |       |       |       |    44 ||    44
  Dodge: Dodged            |    56 |    32 |   126 |   190 ||   404
  Block: Buckler           |    25 |    20 |    93 |    14 ||   152
         Kite shield       |       |       |       |   382 ||   382

Table legend: (Time is in decaauts)
 A = Elapsed time spent in this place.
 B = Non-inter-level travel time spent in this place.
 C = Inter-level travel time spent in this place.
 D = Time resting spent in this place.
 E = Time spent auto-exploring this place.
 F = Levels seen in this place.
 G = Mean time per level.
                   A        B        C        D        E       F      G
               +--------+--------+--------+--------+--------+-----+--------+
         Total |  12410 |  11845 |    565 |   1483 |   7377 |  16 |  775.6 |
       Dungeon |   9294 |   8744 |    550 |    693 |   6134 |  11 |  844.9 |
        Temple |     38 |     23 |     15 |      0 |     14 |   1 |   38.0 |
  Orcish Mines |    732 |    732 |      0 |    197 |    270 |   1 |  732.0 |
       Ossuary |    246 |    246 |      0 |      0 |    146 |   1 |  246.0 |
        Bailey |    395 |    395 |      0 |    165 |     84 |   1 |  395.0 |
      Ice Cave |   1701 |   1701 |      0 |    427 |    729 |   1 | 1701.0 |
               +--------+--------+--------+--------+--------+-----+--------+

Top non-repeatable levels by time:
   IceCv: 1701 daAuts
     D:6: 1280 daAuts
    D:10: 1252 daAuts
     D:8: 1168 daAuts
     D:5: 1059 daAuts
     D:4: 858 daAuts
     D:3: 846 daAuts
     D:1: 758 daAuts
     D:9: 746 daAuts
     D:7: 733 daAuts
   Orc:1: 732 daAuts
  Bailey: 395 daAuts
    D:11: 385 daAuts
 Ossuary: 246 daAuts
     D:2: 205 daAuts
